 Dungeon Crawl Stone Soup version 0.25-a0-294-gea9b1ad378 (webtiles) character file.

Game seed: 2800466297417393555, levelgen mode: deterministic

5068 MrRokkomies the Protected (level 10, -1/79 HPs)
             Began as a Gnoll Wanderer on Dec 15, 2019.
             Was a Believer of Okawaru.
             Hit by a silver boomerang thrown by an orc warrior (3 damage)
             ... on level 7 of the Dungeon on Dec 16, 2019.
             The game lasted 00:26:48 (8324 turns).

MrRokkomies the Protected (Gnoll Wanderer)          Turns: 8324, Time: 00:26:49

Health: -1/79      AC: 13    Str: 17    XL:     10   Next: 56%
Magic:  0/26       EV: 10    Int: 12    God:    Okawaru [**....]
Gold:   543        SH:  0    Dex: 18    Spells: 17/19 levels left

rFire    . . .     SeeInvis .   a - +2 spear (venom)
rCold    . . .     Gourm    .   (no shield)
rNeg     . . .     Faith    .   l - +0 chain mail
rPois    +         Spirit   +   (no helmet)
rElec    .         Reflect  .   A - +0 cloak
rCorr    .         Harm     .   r - +0 pair of gloves
MR       .....                  (no boots)
Stlth    ..........             h - amulet of guardian spirit
HPRegen  0.23/turn              p - ring of poison resistance
MPRegen  0.20/turn              q - ring of magical power

@: no status effects
A: distributed training, fangs 1, strong nose
a: Heroism, Renounce Religion


You were on level 7 of the Dungeon.
You worshipped Okawaru.
Okawaru was pleased with you.
You were very hungry.

You visited 2 branches of the dungeon, and saw 10 of its levels.
You also visited: Ossuary.

You collected 543 gold pieces.

Inventory:

Hand Weapons
 a - a +2 spear of venom (weapon)
 b - a +2 shortbow
 w - a +0 dagger of pain
Missiles
 g - 39 sling bullets
 i - 44 arrows
 k - 50 bolts
 o - 36 poisoned darts (quivered)
 u - 2 throwing nets
 y - a curare-tipped dart
Armour
 e - a +0 robe
 l - a +0 chain mail (worn)
 m - a +1 ring mail
 r - a +0 pair of gloves (worn)
 A - a +0 cloak (worn)
Jewellery
 h - an amulet of guardian spirit (around neck)
 p - a ring of poison resistance (left hand)
 q - a ring of magical power (right hand)
Scrolls
 d - a scroll of teleportation
 j - 6 scrolls of immolation
 s - 2 scrolls of remove curse
 v - 4 scrolls of amnesia
 C - a scroll of enchant armour
 D - 2 scrolls of fog
Potions
 c - 4 potions of lignification
 n - 3 potions of flight
 t - a potion of resistance
 x - 3 potions of curing
 z - 3 potions of agility {unknown}
 B - a potion of mutation {unknown}
 E - a potion of magic {unknown}
 F - a potion of haste {unknown}
 H - 3 potions of brilliance {unknown}
Comestibles
 f - 18 rations


   Skills:
 + Level 7.1 Fighting
 + Level 5.3 Short Blades
 + Level 5.3 Long Blades
 + Level 6.0 Axes
 + Level 5.3 Maces & Flails
 + Level 5.3 Polearms
 + Level 5.3 Staves
 + Level 5.3 Slings
 + Level 7.1 Bows
 + Level 5.3 Crossbows
 + Level 6.0 Throwing
 + Level 8.5 Armour
 + Level 5.3 Dodging
 + Level 5.3 Stealth
 + Level 6.0 Shields
 + Level 5.3 Unarmed Combat
 + Level 5.3 Spellcasting
 + Level 4.3 Conjurations
 + Level 4.3 Hexes
 + Level 4.3 Charms
 + Level 4.3 Summonings
 + Level 4.3 Necromancy
 + Level 4.3 Translocations
 + Level 4.3 Transmutations
 + Level 4.3 Fire Magic
 + Level 4.3 Ice Magic
 + Level 4.3 Air Magic
 + Level 4.3 Earth Magic
 + Level 4.3 Poison Magic
 + Level 5.8 Invocations
 + Level 5.3 Evocations


You had 17 spell levels left.
You knew the following spells:

 Your Spells              Type           Power        Failure   Level  Hunger
a - Sticks to Snakes      Tmut           ##......     45%         2    ##.....

Your spell library contained the following spells:

 Spells                   Type           Power        Failure   Level  Hunger
 Beastly Appendage        Tmut           ##....       34%         1    None
 Shock                    Conj/Air       ##..         34%         1    None
 Swiftness                Chrm/Air       ##......     45%         2    ##.....
 Spider Form              Tmut/Pois      ##........   71%         3    ###....
 Static Discharge         Conj/Air       ##......     71%         3    ###....
 Airstrike                Air            ##........   98%         4    ####...
 Ice Form                 Ice/Tmut       ##......     98%         4    ####...
 Blade Hands              Tmut           ##........   100%        5    ######.
 Lightning Bolt           Conj/Air       ##........   100%        5    ######.


Dungeon Overview and Level Annotations

Branches:
Dungeon (9/15)             Temple (1/1) D:7         Ossuary (visited)
   Lair: D:8-11         Orc: D:9-12

Altars:
Ashenzari
Cheibriados
Dithmenos
Elyvilon
Fedhas
Gozag
Hepliaklqana
Makhleb
Nemelex Xobeh
Okawaru
Qazlal
Ru
Trog
Uskayaw
Wu Jian
Xom
Zin
The Shining One

Annotations:
D:3 2 transporters


Innate Abilities, Weirdness & Mutations

Your experience applies equally to all skills.
You have very sharp teeth.
Your uncanny sense of smell can sniff out nearby items.


Message History

The orc warrior looks even sicker.
The orc warrior is severely wounded.
The orc warrior throws a silver boomerang.
The silver boomerang hits you!
* * * LOW HITPOINT WARNING * * *
x2 The weapon returns to the orc warrior!
Throwing (i - inventory. (/) - cycle)
o - 37 poisoned darts (quivered)
Press: ? - help, Shift-Dir - straight line, f/p - orc warrior
Aim: an orc warrior, wielding a +0 hand axe, wearing a +0 chain mail and quivering 5 silver boomerangs (severely wounded, very poisoned)
You throw a poisoned dart.
The poisoned dart closely misses the orc warrior.
The orc warrior throws a silver boomerang.
The silver boomerang hits you!
* * * LOW HITPOINT WARNING * * *
x2 The weapon returns to the orc warrior!
You feel better.
The orc warrior throws a silver boomerang.
The silver boomerang hits you!
* * * LOW HITPOINT WARNING * * *
You die...

...............#..[>#.##.......#.
.....#.###.###..(..[o.##.......#.
.....#.###.###.#.##............#.
.....#.........#o####.######.###.
.....#.###.###.......<# ####.# #.
##.............#.####.###....# #.
#####.###.##..#.##....##....###.
##.###.......................
#..........#@.....<#########.
##.######..#..#....# #.
#....###.[#..##..##########.
#.......(.#.................
#.........#.###..###.#.####.
#.........#...#..#.....####.
#.........>...#.............
#.........#...#......#.####.
######........#.###..###.#.# #.


You could see an orc warrior.

Vanquished Creatures
  A two-headed ogre (D:9)
  Sigmund (D:3)
  A wyvern (D:8)
  Grum (D:8)
  Eustachio (D:6)
  A steam dragon (D:9)
  A hungry ghost (D:7)
  2 orc warriors
  A black bear (D:6)
  An ice beast (D:7)
  2 sky beasts
  3 ogres
  4 wolves
  An elf zombie (Ossuary)
  2 big kobolds
  4 bullfrogs
  4 scorpions
  3 killer bees (D:5)
  5 wights (D:8)
  4 howler monkeys (D:8)
  7 crimson imps
  A centaur zombie (D:5)
  4 orc priests
  2 jellies
  A centaur skeleton (D:7)
  2 hounds
  An iron imp (D:5)
  10 orc wizards
  Crazy Yiuf (D:4)
  An iguana (D:8)
  4 worker ants
  A big kobold zombie (Ossuary)
  A hound zombie (Ossuary)
  3 hound skeletons
  4 mummies (Ossuary)
  7 gnolls
  12 adders
  A shadow imp (D:7)
  An ooze (D:3)
  3 adder zombies
  An adder skeleton (D:4)
  3 worms
  6 leopard geckos
  9 orcs
  2 giant cockroaches
  14 goblins
  10 hobgoblins
  7 jackals
  3 quokkas
  3 ball pythons
  10 bats
  4 frilled lizards
  A goblin skeleton (D:5)
  6 goblin zombies
  5 hobgoblin zombies
  A jackal zombie (Ossuary)
  10 kobolds
  A kobold skeleton (D:5)
  A kobold zombie (Ossuary)
  An orc skeleton (D:5)
  2 orc zombies (D:5)
  6 rats
  A rat zombie (Ossuary)
217 creatures vanquished.

Vanquished Creatures (others)
  A kobold (D:9)
  2 plants (D:8)
3 creatures vanquished.

Grand Total: 220 creatures vanquished

Notes
Turn   | Place    | Note
-------+----------+-------------------------------------------
     0 | D:1      | MrRokkomies the Gnoll Wanderer began the quest for the Orb.
     0 | D:1      | MrRokkomies set off with the following items: a +2
                  | shortbow, 24 arrows, a potion of lignification, a scroll of
                  | teleportation, a +0 robe, a ration
     0 | D:1      | Reached XP level 1. HP: 20/20 MP: 1/1
    72 | D:1      | Reached XP level 2. HP: 26/26 MP: 2/2
   499 | D:1      | Reached XP level 3. HP: 10/31 MP: 3/3
  1302 | D:2      | Reached skill level 1 in Short Blades
  1302 | D:2      | Reached skill level 1 in Long Blades
  1302 | D:2      | Reached skill level 1 in Maces & Flails
  1302 | D:2      | Reached skill level 1 in Polearms
  1302 | D:2      | Reached skill level 1 in Staves
  1302 | D:2      | Reached skill level 1 in Slings
  1302 | D:2      | Reached skill level 1 in Crossbows
  1302 | D:2      | Reached skill level 1 in Dodging
  1302 | D:2      | Reached skill level 1 in Stealth
  1302 | D:2      | Reached skill level 1 in Unarmed Combat
  1302 | D:2      | Reached skill level 1 in Spellcasting
  1302 | D:2      | Reached skill level 1 in Invocations
  1302 | D:2      | Reached skill level 1 in Evocations
  1302 | D:2      | Reached XP level 4. HP: 31/38 MP: 5/5
  1366 | D:2      | Reached skill level 1 in Conjurations
  1366 | D:2      | Reached skill level 1 in Hexes
  1366 | D:2      | Reached skill level 1 in Charms
  1366 | D:2      | Reached skill level 1 in Summonings
  1366 | D:2      | Reached skill level 1 in Necromancy
  1366 | D:2      | Reached skill level 1 in Translocations
  1366 | D:2      | Reached skill level 1 in Transmutations
  1366 | D:2      | Reached skill level 1 in Fire Magic
  1366 | D:2      | Reached skill level 1 in Ice Magic
  1366 | D:2      | Reached skill level 1 in Air Magic
  1366 | D:2      | Reached skill level 1 in Earth Magic
  1366 | D:2      | Reached skill level 1 in Poison Magic
  1391 | D:2      | Reached XP level 5. HP: 37/43 MP: 5/6
  1473 | D:2      | Found a shattered altar of Ashenzari.
  1518 | D:2      | Found a sparkling altar of Nemelex Xobeh.
  1992 | D:3      | Found a transporter.
  1994 | D:3      | Found a shadowy altar of Dithmenos.
  1994 | D:3      | Noticed an orc warrior
  2077 | D:3      | Found a burning altar of Makhleb.
  2105 | D:3      | Found a glowing silver altar of Zin.
  2105 | D:3      | Noticed an angel
  2106 | D:3      | Noticed an Executioner
  2152 | D:3      | Noticed Sigmund
  2166 | D:3      | Killed Sigmund
  2166 | D:3      | Reached skill level 5 in Fighting
  2166 | D:3      | Reached skill level 5 in Bows
  2166 | D:3      | Reached XP level 6. HP: 37/51 MP: 9/9
  2352 | D:3      | Found a transporter.
  2556 | D:4      | Found a sacrificial altar of Ru.
  2795 | D:4      | Reached XP level 7. HP: 56/56 MP: 10/10
  2879 | D:4      | Found a runed translucent door.
  2880 | D:4      | Noticed Crazy Yiuf
  2893 | D:4      | Killed Crazy Yiuf
  2927 | D:5      | Entered Level 5 of the Dungeon
  3098 | D:5      | Reached skill level 7 in Armour
  3159 | D:5      | Found a glowing golden altar of the Shining One.
  3462 | D:5      | Reached XP level 8. HP: 52/63 MP: 12/12
  3991 | D:6      | Found a bloodstained altar of Trog.
  4014 | D:6      | Found a stormy altar of Qazlal.
  4137 | D:6      | Noticed Eustachio
  4157 | D:6      | Killed Eustachio
  4348 | D:6      | Found a sand-covered staircase.
  4356 | Ossuary  | Entered an ossuary
  4373 | Ossuary  | Reached XP level 9. HP: 63/69 MP: 14/14
  4629 | D:6      | Found a hazy altar of Hepliaklqana.
  4928 | D:7      | Learned a level 2 spell: Sticks to Snakes
  5171 | D:7      | Found an ornate altar of the Wu Jian Council.
  5370 | D:7      | Reached skill level 5 in Axes
  5370 | D:7      | Reached skill level 5 in Throwing
  5370 | D:7      | Reached skill level 5 in Shields
  5378 | D:7      | Found a staircase to the Ecumenical Temple.
  5398 | Temple   | Entered the Ecumenical Temple
  5459 | Temple   | Became a worshipper of Warmaster Okawaru
  6427 | D:8      | Reached skill level 8 in Armour
  6446 | D:8      | Noticed Grum
  6465 | D:9      | Reached skill level 5 in Invocations
  6645 | D:9      | Noticed a two-headed ogre
  6662 | D:9      | Killed a two-headed ogre
  6662 | D:9      | Reached * piety under Okawaru
  6662 | D:9      | Reached XP level 10. HP: 72/77 MP: 17/17
  7069 | D:8      | Reached skill level 5 in Short Blades
  7069 | D:8      | Reached skill level 5 in Long Blades
  7069 | D:8      | Reached skill level 5 in Maces & Flails
  7069 | D:8      | Reached skill level 5 in Polearms
  7069 | D:8      | Reached skill level 5 in Staves
  7069 | D:8      | Reached skill level 5 in Slings
  7069 | D:8      | Reached skill level 5 in Crossbows
  7069 | D:8      | Reached skill level 5 in Dodging
  7069 | D:8      | Reached skill level 5 in Stealth
  7069 | D:8      | Reached skill level 5 in Unarmed Combat
  7069 | D:8      | Reached skill level 5 in Spellcasting
  7069 | D:8      | Reached skill level 5 in Evocations
  7072 | D:8      | Found a bloodstained altar of Trog.
  7350 | D:8      | Reached ** piety under Okawaru
  7690 | D:8      | Killed Grum
  7746 | D:7      | Upgraded the game from 0.25-a0-292-gaa31f046c4 to
                  | 0.25-a0-294-gea9b1ad378
  8324 | D:7      | HP: 2/79 [orc warrior/silver boomerang (11)]
  8324 | D:7      | Hit by a silver boomerang thrown by an orc warrior

Levels and vault maps discovered:
D:1:      dpeg_arrival_morbid_curiosity, layout_rooms, serial_bayou,
          serial_bayou_ford_a, serial_bayou_pond_e, serial_bayou_pond_d,
          serial_bayou_shore_a, serial_bayou_pond_c, serial_bayou_crossing,
          minmay_pentomino_o2
D:2:      layout_rooms, nicolae_ashenzari_panopticon,
          nemelex_lonely_heart_becter
D:3:      layout_rooms, grunt_temple_overflow_order_and_chaos_2,
          gammafunk_temple_overflow_arena, first_ration, uniq_sigmund
D:4:      layout_rooms, chequers_garden, nicolae_ru_great_annihilating_truth,
          uniq_crazy_yiuf_cottage
D:5:      layout_loops_ring, nicolae_tso_besieged_by_evil
D:6:      layout_cave_pools, grunt_qazlal_clouds, kennysheep_little_box,
          nicolae_ossuary_entry_monument, trog_three_pillars_becter,
          uniq_eustachio
D:7:      layout_basic, kennysheep_mini, minmay_temple_entry_proselytizer
D:8:      layout_rooms, palyth_temple_overflow_mages, bloody_trog,
          lemuel_zombie_altar_yredelemnul, serial_shops,
          nicolae_shop_overgrown_old_shop, nicolae_elemental_shop,
          minmay_misc_feat_alley, grunt_ogre_cave, uniq_grum, uniq_harold
D:9:      layout_stronghold, erik_lair_island
Temple:   zaba_magenta_temple

Skill      XL: |  1  2  3  4  5  6  7  8  9 10 |
---------------+-------------------------------+-----
Short Blades   | 1 2 3 4 5 |  5.3
Long Blades    | 1 2 3 4 5 |  5.3
Maces & Flails | 1 2 3 4 5 |  5.3
Polearms       | 1 2 3 4 5 |  5.3
Staves         | 1 2 3 4 5 |  5.3
Slings         | 1 2 3 4 5 |  5.3
Crossbows      | 1 2 3 4 5 |  5.3
Dodging        | 1 2 3 4 5 |  5.3
Stealth        | 1 2 3 4 5 |  5.3
Unarmed Combat | 1 2 3 4 5 |  5.3
Spellcasting   | 1 2 3 4 5 |  5.3
Invocations    | 1 2 3 4 5 |  5.8
Evocations     | 1 2 3 4 5 |  5.3
Conjurations   | 1 2 3 4 |  4.3
Hexes          | 1 2 3 4 |  4.3
Charms         | 1 2 3 4 |  4.3
Summonings     | 1 2 3 4 |  4.3
Necromancy     | 1 2 3 4 |  4.3
Translocations | 1 2 3 4 |  4.3
Transmutations | 1 2 3 4 |  4.3
Fire Magic     | 1 2 3 4 |  4.3
Ice Magic      | 1 2 3 4 |  4.3
Air Magic      | 1 2 3 4 |  4.3
Earth Magic    | 1 2 3 4 |  4.3
Poison Magic   | 1 2 3 4 |  4.3
Axes           | 3 4 5 6 |  6.0
Throwing       | 3 4 5 6 |  6.0
Shields        | 3 4 5 6 |  6.0
Fighting       | 5 6 7 |  7.1
Bows           | 5 6 7 |  7.1
Armour         | 7 8 |  8.5

Action                   |  1- 3 |  4- 6 |  7- 9 | 10-12 || total
-------------------------+-------+-------+-------+-------++-------
Melee: Dagger            |    70 |    22 |       |       ||    92
       Bite              |     7 |    17 |    36 |    17 ||    77
       Punch             |       |     2 |     5 |     2 ||     9
       Spear             |       |    96 |   245 |   133 ||   474
 Fire: Shortbow          |    37 |    43 |   283 |   110 ||   473
Throw: Dart              |       |       |     5 |    14 ||    19
  Use: Scroll            |     8 |     1 |     6 |     2 ||    17
       Potion            |       |     3 |     1 |     2 ||     6
 Stab: Sleeping          |       |     3 |       |       ||     3
       Paralysed         |       |     2 |       |       ||     2
  Eat: Chunk             |       |     6 |    10 |     2 ||    18
       Ration            |       |       |     2 |     1 ||     3
Armor: Ring mail         |    23 |    32 |    37 |       ||    92
       Robe              |     1 |       |       |       ||     1
       Chain mail        |       |       |   264 |    84 ||   348
Dodge: Dodged            |    48 |    57 |   255 |    74 ||   434

Table legend:
 A = Non-vault XP
 B = Vault XP
 C = Vault XP percentage of total XP
 D = Non-vault monster count
 E = Vault monster count
 F = Vault count percentage of total count
                 A         B        C        D         E       F
            +---------+---------+-------+---------+---------+-------
      Total |    5397 |    1843 |  25.5 |     161 |      56 |  25.8
            +---------+---------+-------+---------+---------+-------
        D:1 |      37 |      12 |  24.5 |      23 |       7 |  23.3
        D:2 |     176 |       0 |   0.0 |      22 |       0 |   0.0
        D:3 |      61 |     223 |  78.5 |      13 |       1 |   7.1
        D:4 |      68 |      84 |  55.3 |       7 |       5 |  41.7
        D:5 |     690 |      52 |   7.0 |      20 |      13 |  39.4
        D:6 |     745 |     181 |  19.5 |      14 |       1 |   6.7
        D:7 |    1111 |     194 |  14.9 |      31 |       3 |   8.8
        D:8 |    1176 |     855 |  42.1 |      24 |      10 |  29.4
        D:9 |    1333 |       0 |   0.0 |       7 |       0 |   0.0
    Ossuary |       0 |     242 | 100.0 |       0 |      16 | 100.0
            +---------+---------+-------+---------+---------+-------
